Map: Rhoskallian LE

Players

oscar

  • Race: Protoss Protoss
  • League: Diamond
  • Spawn Location: 12:00

GuitarXM

  • Race: Protoss Protoss
  • League: Gold
  • Spawn Location: 11:00

MattBarry - Winner!

  • Race: Terran Terran
  • Spawn Location: 6:00

MattBarry - Winner!

  • Race: Zerg Zerg
  • Spawn Location: 5:00

VOD

Have the link to the VOD?

Description

Time

  • Played on: Dec. 25, 2022, 3:52 a.m.
  • Length: 18:35
Show
View Real Time Build Order
Export as new Build Order

oscar Protoss 

Build Orders:  

Get SALT Encoding   

  12  0:00  Probe  
  13  0:12  Probe  
  14  0:20  Pylon  
  14  0:24  Probe (Chrono Boost)  
  15  0:36  Probe (Chrono Boost)  
  15  0:40  Gateway  
  16  0:46  Probe  
  16  0:49  Assimilator  
  17  0:59  Probe  
  18  1:11  Probe  
  19  1:23  Probe  
  20  1:35  Probe  
  21  1:43  Cybernetics Core  
  21  1:49  Nexus  
  21  1:51  Pylon  
  21  1:57  Assimilator, Probe (Chrono Boost)  
  22  2:08  Probe (Chrono Boost)  
  23  2:18  Probe  
  23  2:21  Adept  
  25  2:24  Gateway  
  25  2:30  Probe (Chrono Boost)  
  25  2:31  Warp Gate  
  26  2:39  Twilight Council  
  26  2:40  Probe (Chrono Boost)  
  27  2:54  Probe  
  27  2:56  Stalker (Chrono Boost)  
  30  3:01  Probe  
  31  3:09  Stalker (Chrono Boost)  
  31  3:11  Pylon  
  33  3:17  Probe x2  
  35  3:36  Shield Battery  
  35  3:46  Probe x2  
  35  3:55  Gateway x2  
  35  3:57  Gateway  
  35  4:01  Pylon  
  35  4:02  Probe x2  
  37  4:04  Blink (Chrono Boost)  
  37  4:13  Robotics Facility  
  37  4:17  Probe x2  
  39  4:27  Forge  
  39  4:29  Probe  
  40  4:34  Stalker  
  42  4:39  Probe  
  42  4:43  Stalker  
  45  4:48  Probe  
  45  4:52  Stalker x2  
  50  4:55  Probe  
  51  5:05  Probe  
  52  5:09  Observer (Chrono Boost), Shield Battery  
  52  5:10  Protoss Ground Weapons Level 1 (Chrono Boost)  
  52  5:11  Shield Battery  
  52  5:13  Assimilator  
  52  5:14  Probe  
  54  5:16  Assimilator  
  54  5:27  Observer  
  55  5:44  Stalker  
  55  5:45  Stalker x2  
  55  5:47  Probe  
  62  5:53  Pylon  
  62  5:59  Pylon  
  62  6:02  Forge, Pylon  
  62  6:10  Warp Prism  
  62  6:11  Probe  
  65  6:18  Probe  
  66  6:27  Gateway x2  
  66  6:28  Gateway  
  66  6:48  Stalker x3  
  66  6:49  Stalker x2  
  76  6:59  Immortal  
  80  7:04  Pylon  
  80  7:11  Protoss Ground Weapons Level 2 (Chrono Boost)  
  80  7:15  Protoss Ground Armor Level 1 (Chrono Boost)  
  80  7:48  Robotics Bay  
  80  7:54  Charge  
  80  7:55  Stalker  
  80  7:56  Stalker x5  
  80  7:57  Stalker  
  94  8:05  Robotics Facility  
  94  8:09  Shield Battery x2  
  94  8:17  Pylon  
  94  8:20  Pylon  
  94  8:48  Extended Thermal Lance (Chrono Boost)  
  94  9:00  Disruptor x2 (Chrono Boost)  
  94  9:03  Nexus  
  94  9:04  Pylon  
  94  9:08  Pylon  
  76  9:30  Stalker x3  
  76  9:31  Stalker x4  
  74  9:32  Stalker  
  58  9:59  Stalker x3, Colossus (Chrono Boost)  
  64  10:00  Stalker x4  
  64  10:01  Stalker  
  80  10:09  Colossus (Chrono Boost)  
  86  10:22  Probe x3  
  89  10:41  Shield Battery  
  89  10:43  Probe x2  
  89  10:44  Shield Battery  
  89  10:46  Shield Battery  
  89  10:49  Protoss Ground Weapons Level 3 (Chrono Boost)  
  91  10:57  Disruptor x2 (Chrono Boost)  
  91  11:02  Probe  
  91  11:03  Probe x2  
  100  11:13  Gateway  
  100  11:14  Gateway  
  100  11:16  Gateway  
  100  11:27  Protoss Ground Armor Level 2 (Chrono Boost)  
  100  11:32  Probe x3  
  97  11:50  Colossus x2 (Chrono Boost)  
  109  12:00  Assimilator  
  109  12:02  Assimilator, Probe x2  
  109  12:03  Probe  
  109  12:07  Zealot x2  
  109  12:08  Observer, Zealot  
  118  12:44  Zealot x3  
  120  12:45  Zealot x5  
  120  12:46  Zealot x3  
  102  13:12  Stalker  
  93  13:13  Stalker x5  
  93  13:14  Stalker  
  83  13:37  Disruptor x2  
  83  13:39  Stalker  
  83  13:40  Stalker x3  
  97  14:03  Protoss Ground Armor Level 3 (Chrono Boost)  
  97  14:07  Stalker x4  
  97  14:08  Stalker  
  88  14:35  Stalker  
  88  14:37  Stalker  
  88  14:38  Stalker x4  
  94  14:39  Stalker  
  94  14:41  Disruptor (Chrono Boost)  
  94  14:43  Disruptor (Chrono Boost)  
  108  15:24  Zealot x4  
  108  15:25  Zealot x5  
  108  15:26  Zealot x2  
  100  16:04  Stalker x5  
  98  16:05  Stalker  
  98  16:07  Stalker  
  98  16:08  Stalker x2  
  104  16:37  Stalker x5  
  104  16:38  Stalker  
  88  17:18  Stalker x4  
  88  17:19  Stalker x3  
  45  17:44  Stalker x2  
  45  17:45  Stalker  
Show
View Real Time Build Order
Export as new Build Order

GuitarXM Protoss 

Build Orders:  

Get SALT Encoding   

  12  0:08  Pylon  
  12  0:14  Probe (Chrono Boost)  
  13  0:23  Probe (Chrono Boost)  
  14  0:35  Forge  
  14  0:39  Probe  
  15  0:49  Pylon  
  15  1:06  Pylon  
  15  1:12  Photon Cannon  
  15  1:28  Photon Cannon  
  15  1:46  Pylon  
  15  2:07  Photon Cannon  
  14  2:32  Probe (Chrono Boost)  
  14  2:35  Gateway x2  
  15  2:42  Probe (Chrono Boost)  
  15  2:43  Gateway  
  15  2:44  Gateway  
  16  3:06  Pylon  
  15  3:23  Gateway  
  15  3:25  Gateway  
  15  3:31  Zealot x2  
  15  3:32  Zealot  
  21  3:41  Pylon  
  21  3:52  Pylon  
  21  4:00  Assimilator  
  21  4:04  Zealot  
  21  4:06  Zealot x2  
  21  4:07  Cybernetics Core  
  27  4:13  Zealot  
  29  4:22  Zealot  
  31  4:32  Zealot  
  33  4:50  Assimilator, Probe (Chrono Boost)  
  34  4:55  Pylon  
  34  4:59  Probe (Chrono Boost)  
  35  5:01  Zealot  
  37  5:13  Zealot  
  39  5:27  Twilight Council  
  39  5:30  Zealot  
  39  5:32  Probe (Chrono Boost)  
  42  5:42  Probe (Chrono Boost)  
  43  5:58  Stalker  
  43  6:00  Stalker  
  43  6:01  Charge (Chrono Boost)  
  47  6:12  Warp Gate (Chrono Boost)  
  47  6:40  Pylon  
  47  6:58  Zealot x3, Probe  
  54  7:10  Probe  
  31  7:54  Zealot x2  
  31  7:55  Zealot x3  
  41  8:23  Nexus  
  41  8:44  Zealot  
  41  8:45  Zealot x4  
  23  9:28  Zealot  
  23  9:29  Zealot x4  
  33  9:59  Zealot x3  
  39  10:00  Zealot x2  
  43  10:09  Pylon  
  43  10:16  Probe (Chrono Boost)  
  44  10:26  Probe (Chrono Boost)  
  45  10:40  Zealot  
  45  10:41  Zealot x2  
  51  10:55  Probe (Chrono Boost)  
  51  10:56  Probe (Chrono Boost)  
  53  11:07  Probe (Chrono Boost)  
  53  11:08  Probe (Chrono Boost)  
  55  11:13  Zealot x2, Probe (Chrono Boost)  
  55  11:16  Zealot  
  55  11:18  Probe  
  37  12:26  Templar Archives  
  37  12:33  Robotics Facility  
  37  12:34  Robotics Facility  
  37  12:37  Shield Battery, Robotics Facility  
  37  12:42  Photon Cannon, Shield Battery  
  37  12:46  Probe x2  
  37  12:47  Assimilator  
  37  12:49  Pylon  
  33  13:23  Immortal x3 (Chrono Boost)  
  33  13:25  Psionic Storm  
  45  13:45  High Templar  
  45  13:46  High Templar  
  49  14:05  Immortal x2  
  49  14:06  Immortal  
  61  15:07  Stalker x2  
  63  15:10  Immortal x3  
  77  15:49  Immortal  
  41  16:35  Immortal x3  
  41  16:39  High Templar x4  
  61  16:40  High Templar  
  61  16:46  Archon x2  
  58  17:52  High Templar x2  
  58  17:53  High Templar  
  58  17:54  High Templar x2  
  68  17:59  Archon x2  
Show
View Real Time Build Order
Export as new Build Order

MattBarry Terran - Winner!

Build Orders:  

Get SALT Encoding   

  12  0:00  SCV  
  13  0:12  SCV  
  14  0:18  Supply Depot  
  14  0:24  SCV  
  15  0:39  SCV  
  15  0:42  Barracks  
  16  0:48  Refinery  
  16  0:52  SCV  
  17  1:02  Barracks  
  17  1:04  SCV  
  18  1:29  Marine  
  18  1:31  SCV  
  17  1:47  Marine  
  18  1:55  Marine  
  19  2:05  Marine  
  20  2:13  Marine  
  21  2:23  SCV  
  21  2:27  Marine  
  23  2:37  Supply Depot  
  23  2:41  Command Center  
  23  2:59  SCV  
  23  3:04  Barracks Tech Lab  
  23  3:05  Barracks Reactor  
  24  3:11  SCV  
  25  3:25  SCV  
  26  3:28  Supply Depot  
  26  3:32  Marauder, Combat Shield  
  28  3:38  SCV  
  29  3:43  Refinery  
  29  3:56  Orbital Command  
  29  4:00  Marine x2  
  29  4:02  Marauder  
  33  4:15  Orbital Command  
  33  4:17  Factory  
  33  4:23  SCV  
  34  4:34  Engineering Bay  
  34  4:35  SCV  
  35  4:40  SCV  
  36  4:48  SCV  
  36  4:49  Marine x3  
  40  4:53  Supply Depot  
  40  4:56  Stimpack  
  40  5:00  Starport  
  40  5:01  Factory Reactor  
  40  5:05  SCV x2  
  42  5:13  Missile Turret  
  42  5:17  SCV  
  42  5:19  Marine x2  
  45  5:21  SCV  
  46  5:29  SCV  
  47  5:36  SCV  
  47  5:41  Marine x2, SCV  
  51  5:46  Terran Infantry Weapons Level 1  
  51  5:50  Medivac  
  51  5:54  Refinery  
  51  5:55  Medivac  
  55  5:57  Marine  
  55  6:02  Supply Depot  
  55  6:03  SCV  
  55  6:04  Supply Depot, SCV  
  58  6:07  Refinery  
  58  6:15  Marine x2  
  60  6:23  Barracks  
  60  6:25  SCV x2  
  62  6:28  Supply Depot  
  62  6:31  Medivac x2  
  66  6:39  SCV x2  
  68  6:46  Missile Turret  
  68  6:50  Missile Turret  
  68  6:51  SCV x2  
  70  7:03  SCV x2  
  70  7:04  Command Center  
  64  7:36  Marine x2  
  68  7:37  Marauder  
  67  7:47  SCV x2  
  67  7:49  Barracks Reactor  
  69  7:55  Medivac x2  
  69  7:57  Barracks  
  73  7:59  SCV x2  
  73  8:02  Supply Depot x2, Marine x2  
  73  8:03  Marauder  
  79  8:10  Terran Infantry Armor Level 1  
  79  8:13  SCV x2  
  79  8:14  Armory  
  79  8:18  Orbital Command  
  79  8:19  Supply Depot  
  81  8:22  Marine x2  
  81  8:24  Marauder  
  81  8:25  SCV x2  
  87  8:33  Marine x2  
  89  8:39  Medivac  
  89  8:40  Medivac  
  93  8:50  Barracks Tech Lab  
  93  8:51  Marine x2, Marauder  
  96  9:07  Marine x2  
  96  9:09  Marauder  
  100  9:12  Marauder  
  102  9:28  Marine x4  
  102  9:30  Marauder  
  102  9:31  Medivac x2  
  112  9:32  SCV x2  
  112  9:33  Marauder  
  112  9:34  Orbital Command  
  108  9:42  Barracks  
  108  9:43  Barracks  
  108  9:45  SCV x2  
  99  9:46  Barracks  
  99  9:47  Marine x2  
  99  9:48  Marine x2  
  99  9:52  Marauder  
  95  9:55  Marauder  
  95  9:58  SCV x2  
  96  10:04  Supply Depot  
  96  10:05  Supply Depot, Marine x3  
  99  10:13  Marauder  
  101  10:24  Marine x2, Marauder  
  101  10:25  Marine x2  
  107  10:34  Marauder  
  109  10:52  Marine  
  109  10:53  Marine x3  
  109  10:54  Barracks Tech Lab x2  
  109  10:55  Barracks Tech Lab  
  109  10:56  Marauder x2  
  117  11:00  Terran Infantry Weapons Level 2  
  117  11:02  Armory  
  117  11:05  SCV x3  
  117  11:08  Refinery  
  117  11:09  Refinery  
  120  11:17  SCV, Marauder x2  
  120  11:18  Command Center  
  125  11:19  Marauder x3  
  125  11:25  Marine x4  
  135  11:38  Marauder x2  
  137  11:40  Marauder  
  134  11:54  Medivac x2  
  134  11:59  Marine x3  
  141  12:07  Supply Depot  
  141  12:08  Marine  
  141  12:09  Marauder x4  
  141  12:10  Supply Depot  
  144  12:24  Medivac x2  
  148  12:42  Command Center  
  148  12:46  SCV x3  
  148  12:47  Marauder x4  
  148  12:48  Marine x4, Marauder  
  165  12:54  Medivac x2  
  165  12:58  SCV  
  120  13:20  Marine x4  
  120  13:21  Marauder x3  
  122  13:29  Marine x2  
  124  13:37  Orbital Command, Marine  
  124  13:39  SCV x3  
  124  13:40  Medivac  
  124  13:41  Medivac  
  132  13:43  Marauder x3  
  132  13:46  Barracks  
  132  13:47  Marauder  
  140  13:51  Barracks, SCV  
  140  13:52  Barracks  
  140  13:55  Orbital Command  
  141  13:58  SCV x2  
  141  14:01  Marine x3  
  141  14:02  Marine  
  147  14:03  SCV, Marauder  
  147  14:04  Marauder x3  
  147  14:08  Marauder  
  158  14:10  Medivac  
  158  14:11  Medivac  
  140  14:24  Marauder  
  122  14:34  Marine x3  
  122  14:35  Marine  
  122  14:37  Barracks Tech Lab, Marauder x2  
  122  14:38  Marauder x2  
  132  14:40  Barracks Tech Lab  
  132  14:41  Barracks Tech Lab  
  132  14:46  Marauder  
  132  14:52  Marine x4  
  137  14:53  Orbital Command  
  137  14:59  Marauder x4  
  146  15:00  SCV x2  
  146  15:01  SCV  
  149  15:07  Marauder  
  149  15:08  Marauder x3  
  149  15:12  SCV  
  149  15:13  SCV x2  
  160  15:14  Marine x3  
  160  15:15  Marine  
  164  15:25  Concussive Shells  
  164  15:29  Terran Infantry Weapons Level 3  
  164  15:32  Engineering Bay  
  164  15:33  Marauder  
  164  15:34  Marauder x4  
  126  15:58  Marine x3  
  126  15:59  Marine x2  
  126  16:00  Marauder x6  
  143  16:13  Refinery  
  143  16:14  Marine, Refinery  
  143  16:16  Marine  
  143  16:17  Marauder, Medivac x2  
  151  16:21  Marauder x4  
  151  16:22  Marauder x2  
  163  16:32  Marauder  
  165  16:33  Marine  
  165  16:34  Marine x3  
  165  16:38  Marauder  
  171  16:42  Marauder  
  171  16:43  Marauder x5  
  183  16:50  Medivac x2  
  183  16:53  Marine x3  
  183  16:54  Marauder  
  192  17:00  Marauder  
  191  17:04  Marauder x6  
  189  17:15  Marauder  
  189  17:21  Marine x3  
  189  17:22  Marine  
  176  17:23  Marauder  
  176  17:24  Medivac x2  
  176  17:25  Marauder x3  
  176  17:26  Marauder x3  
  174  17:41  Marauder  
  174  17:43  Marine x3  
  174  17:44  Marine, Marauder  
  166  17:47  Marauder x6  
  178  18:01  Marine x4  
  178  18:03  Marauder  
  186  18:05  Marauder  
  186  18:08  Marauder x4  
  186  18:09  Marauder  
Show
View Real Time Build Order
Export as new Build Order

MattBarry Zerg - Winner!

Build Orders: Pool First, Brood Lord Corruptor 

Get SALT Encoding   

  12  0:00  Drone  
  13  0:13  Overlord  
  13  0:17  Drone  
  14  0:31  Drone x2  
  16  1:03  Spawning Pool  
  15  1:21  Drone  
  15  1:22  Drone  
  15  1:23  Drone  
  18  1:36  Hatchery  
  17  1:50  Zergling x4  
  19  1:57  Queen  
  21  2:07  Extractor  
  20  2:13  Zergling x4  
  22  2:42  Overlord  
  22  2:45  Overlord  
  22  2:47  Queen  
  24  3:07  Hatchery  
  22  3:33  Metabolic Boost  
  22  3:40  Drone x2  
  22  3:41  Drone x4  
  27  4:08  Extractor  
  26  4:10  Zergling x6  
  26  4:11  Zergling x2, Drone x2  
  26  4:12  Drone x4  
  36  4:23  Spore Crawler  
  35  4:25  Spore Crawler  
  35  4:26  Drone  
  35  4:27  Queen  
  37  4:45  Spore Crawler, Evolution Chamber  
  36  4:47  Evolution Chamber  
  34  5:06  Spine Crawler  
  33  5:09  Queen  
  31  6:00  Zerg Missile Weapons Level 1  
  31  6:01  Zerg Melee Weapons Level 1  
  31  6:12  Lair  
  31  6:18  Drone  
  31  6:19  Drone x8  
  40  6:39  Zergling x12  
  49  6:40  Zergling x6  
  49  6:58  Drone, Overlord  
  49  6:59  Overlord  
  49  7:01  Overlord  
  46  7:35  Zergling x6  
  46  7:36  Zergling x28  
  62  8:27  Zergling x2  
  62  8:28  Zergling x22  
  62  8:29  Hatchery  
  72  8:35  Zerg Ground Armor Level 1  
  72  8:39  Zerg Melee Weapons Level 2  
  62  9:16  Zergling x2  
  56  9:17  Overlord  
  56  9:18  Overlord x2  
  39  9:42  Spire  
  38  9:45  Infestation Pit  
  38  9:49  Queen  
  38  9:52  Drone  
  40  9:53  Drone x18  
  58  10:12  Drone x5  
  58  10:13  Drone x3  
  66  10:34  Hatchery  
  65  11:03  Hive  
  65  11:10  Zerg Ground Armor Level 2  
  65  11:14  Corruptor  
  65  11:15  Corruptor x6  
  65  11:16  Corruptor x3  
  85  11:21  Zergling x8  
  85  11:22  Zergling x8  
  85  11:24  Overlord  
  93  11:26  Overlord  
  92  12:08  Overseer  
  92  12:20  Extractor  
  91  12:24  Extractor  
  91  12:27  Adrenal Glands  
  90  12:30  Zerg Melee Weapons Level 3  
  90  12:45  Greater Spire  
  90  12:48  Corruptor x4  
  90  12:49  Corruptor x2  
  92  13:24  Zergling x2  
  92  13:25  Zergling x22  
  104  13:36  Zergling x6  
  104  13:37  Zergling x2, Overlord x4  
  108  13:43  Extractor  
  108  13:44  Extractor  
  106  13:53  Drone x5  
  111  13:59  Extractor  
  111  14:01  Extractor  
  109  14:31  Corruptor x2  
  109  14:32  Corruptor  
  113  14:52  Zergling x4  
  115  14:53  Zergling x6  
  115  14:56  Brood Lord x3  
  115  14:57  Brood Lord x3  
  115  14:58  Brood Lord  
  132  15:01  Corruptor  
  134  15:38  Corruptor x5  
  134  15:39  Overlord x3  
  109  16:26  Brood Lord x9  
  127  16:35  Drone  
  127  16:36  Drone x2, Overlord x3  
  104  17:49  Corruptor x3  
  104  17:50  Corruptor x3  
  116  17:51  Overlord  
Tags
 
Add a new tag
Caveats
  • Supply blocks, unpowered buildings, or Contaminate may cause inaccurate times.
  • Supply counts are checked every 10 seconds.